 Dungeon Crawl Stone Soup version 0.24.0-13-gcf9b3192b9 (console) character file.

Game seed: 15546111857626553268, levelgen mode: deterministic

449 AlterAsc the Changer (level 7, 0/43 HPs)
             Began as an Octopode Transmuter on Nov 9, 2019.
             Killed by divine providence
             ... invoked by an orc priest
              (10 damage)
             ... on level 5 of the Dungeon.
             The game lasted 00:08:39 (4688 turns).

AlterAsc the Changer (Octopode Transmuter)          Turns: 4688, Time: 00:08:39

Health: 0/43       AC:  2    Str: 11    XL:     7   Next: 4%
Magic:  11/13      EV: 19    Int: 16    God:
Gold:   110        SH:  0    Dex: 14    Spells: 4/14 levels left

rFire    . . .     SeeInvis .     - Unarmed
rCold    . . .     Gourm    .   (shield currently unavailable)
rNeg     . . .     Faith    .   (helmet currently unavailable)
rPois    x         Spirit   .   (no amulet)
rElec    .         Reflect  .   r - ring of stealth
rCorr    .         Harm     .   w - -3 ring of dexterity (curse)
MR       .....                  (no ring)
Stlth    ++........             (no ring)
HPRegen  0.14/turn              (no ring)
MPRegen  0.13/turn              (no ring)
                                (no ring)
                                (no ring)

@: spider-form (expiring)
A: tiny, almost no armour, stealthy swim, (amphibious), 8 rings, (constrict 8)
a: End Transformation


You were on level 5 of the Dungeon.
You were not hungry.
You were a venomous arachnid creature.
You visited 1 branch of the dungeon, and saw 5 of its levels.
You also visited: Sewer.

You collected 190 gold pieces.
You spent 80 gold pieces at shops.

Inventory:

Missiles
 a - 103 arrows
Armour
 y - a +0 buckler
Jewellery
 r - a ring of stealth (left front leg)
 w - a cursed -3 ring of dexterity (right front leg)
Wands
 x - a wand of acid (9)
Scrolls
 b - 2 scrolls of identify {unknown}
 e - 2 scrolls of immolation {unknown}
 g - 2 scrolls of teleportation {unknown}
 j - 2 scrolls of magic mapping {unknown}
 l - 2 scrolls of enchant armour {unknown}
 n - 4 scrolls of remove curse {unknown}
 o - a scroll of blinking {unknown}
 q - a scroll of fear {unknown}
Potions
 d - 3 potions of heal wounds
 f - 2 potions of agility {unknown}
 h - 5 potions of brilliance {unknown}
 i - 3 potions of cancellation {unknown}
 k - 3 potions of ambrosia {unknown}
 m - a potion of invisibility {unknown}
 p - a potion of berserk rage {unknown}
 s - a potion of lignification {unknown}
 t - 2 potions of curing
 u - 2 potions of flight {unknown}
 v - a potion of haste {unknown}
Comestibles
 c - 11 rations
 z - 2 chunks of flesh


   Skills:
 - Level 1.0 Fighting
 - Level 2.0 Dodging
 - Level 3.0 Unarmed Combat
 + Level 4.1 Spellcasting
 * Level 6.0 Transmutations
 + Level 0.4 Ice Magic


You had 4 spell levels left.
You knew the following spells:

 Your Spells              Type           Power        Failure   Level  Hunger
a - Beastly Appendage     Tmut           ###...       6%          1    None
b - Sticks to Snakes      Tmut           ###.....     9%          2    ##.....
c - Spider Form           Tmut/Pois      ##........   32%         3    ###....
d - Ice Form              Ice/Tmut       ##......     63%         4    ####...

Your spell library contained the following spells:

 Spells                   Type           Power        Failure   Level  Hunger
 Blade Hands              Tmut           ###.......   58%         5    ######.


Dungeon Overview and Level Annotations

Branches:
Dungeon (5/15)              Sewer (visited)
 Temple: D:4-7

Altars:
Cheibriados
Kikubaaqudgha
Qazlal
Ru
Xom
Yredelemnul

Shops:
D:4 !

Annotations:
D:4 1 runed translucent door, Briareos's ghost, amateur DrCj


Innate Abilities, Weirdness & Mutations

You cannot wear most types of armour.
You are very stealthy in the water. (Stealth+)
((You are amphibious.))
You can wear up to eight rings at the same time.
((You can use your tentacles to constrict eight enemies at once.))
((Your skin changes colour to match your surroundings (Stealth+).))
((Your rubbery body absorbs attacks. (AC +1, EV +1)))


Message History

The orc completely misses you. The hound completely misses you.
The hound bites you. The hound completely misses you.
You see here a +0 falchion.
An orc priest comes into view.
It is wielding a +0 flail of protection.
The hound closely misses you.
The orc priest mumbles some strange prayers to Beogh against you.
Beogh smites you!
* * * LOW HITPOINT WARNING * * *
Found a ration.
You feel much better. The hound misses you. The orc completely misses you.
The orc priest invokes the aid of Beogh against you.
Pain shoots through your body! The hound closely misses you.
You hit the hound but do no damage.
The hound is poisoned.
Your transformation is almost over.
The orc hits you with a +0 hand axe.
* * * LOW HITPOINT WARNING * * *
The hound misses you.
The orc priest mumbles some strange prayers to Beogh against you.
Beogh smites you!
You die...

..#
..##................
..#
###...####.##.......
...
#........#..........
..
.......#........#....#
. ...##.###.#.....#...
.# ...
#.....#......... ..
...##.....#)........ .
#........#........#
##...#..##hs......#
#...#...oo.......#
#......###........
..........#%........
#..........o........
##...........##.....
###.....>.......##.
#........$....#
............. #


You could see a hound, 2 orc priests and an orc.

Vanquished Creatures
  A big kobold (Sewer)
  2 scorpions
  An orc priest (D:5)
  An iguana (D:4)
  2 worker ants
  7 adders
  2 river rats (Sewer)
  2 worms
  3 leopard geckos
  9 orcs
  A ball python (D:1)
  12 goblins
  6 hobgoblins
  5 jackals
  A quokka (D:4)
  5 bats
  5 frilled lizards
  7 kobolds
  A leopard gecko skeleton (D:4)
  12 rats
85 creatures vanquished.

Vanquished Creatures (collateral kills)
  An adder (D:4)
  A jackal skeleton (D:4)
2 creatures vanquished.

Grand Total: 87 creatures vanquished

Notes
Turn   | Place    | Note
-------+----------+-------------------------------------------
     0 | D:1      | AlterAsc the Octopode Transmuter began the quest for the
                  | Orb.
     0 | D:1      | Reached XP level 1. HP: 13/13 MP: 3/3
   144 | D:1      | Reached XP level 2. HP: 13/18 MP: 3/5
  1017 | D:2      | Reached skill level 3 in Transmutations
  1017 | D:2      | Reached XP level 3. HP: 7/23 MP: 4/6
  1245 | D:1      | Learned a level 2 spell: Sticks to Snakes
  1249 | D:1      | Learned a level 3 spell: Spider Form
  1473 | D:2      | Found a shimmering altar of Xom.
  1484 | D:2      | Found a stormy altar of Qazlal.
  1486 | D:2      | Found a snail-covered altar of Cheibriados.
  1506 | D:2      | Found a sacrificial altar of Ru.
  2233 | D:3      | Found a basalt altar of Yredelemnul.
  2245 | D:3      | Reached XP level 4. HP: 28/28 MP: 8/8
  2629 | D:3      | Found an ancient bone altar of Kikubaaqudgha.
  2764 | D:2      | Reached skill level 4 in Transmutations
  3290 | D:4      | Found Ungaos's Distillery.
  3297 | D:4      | Bought a potion of heal wounds for 50 gold pieces
  3297 | D:4      | Bought a potion of curing for 30 gold pieces
  3324 | D:3      | Reached XP level 5. HP: 23/33 MP: 6/9
  3767 | D:4      | Reached skill level 5 in Transmutations
  3767 | D:4      | Reached XP level 6. HP: 28/38 MP: 7/11
  3900 | D:4      | Found a runed translucent door.
  3903 | D:4      | Noticed Briareos's ghost (amateur DrCj)
  3965 | D:4      | Found a glowing drain.
  3979 | Sewer    | Entered a sewer
  4296 | Sewer    | Found a white marble altar of Elyvilon.
  4585 | D:5      | Entered Level 5 of the Dungeon
  4612 | D:5      | Learned a level 4 spell: Ice Form
  4684 | D:5      | Reached skill level 6 in Transmutations
  4684 | D:5      | Reached XP level 7. HP: 17/43 MP: 10/13
  4688 | D:5      | Killed from afar by an orc priest

Levels and vault maps discovered:
D:1:      nzn_arrival_depleted_hourglass, layout_rooms
D:2:      layout_basic, nicolae_ru_awakened_eye, grunt_temple_overflow_open,
          first_ration
D:3:      layout_basic, yredelemnul_altar_generic, marbit_many_paths
D:4:      layout_cave_pools, hellmonk_ghost_happy_afterlife, serial_shops, shop,
          portal_sewer_entry_d
D:5:      layout_cave_pools

Skill      XL: |  1  2  3  4  5  6 |
---------------+-------------------+-----
Transmutations | 3 4 5 6 |  6.0
Spellcasting   | 3 4 |  4.1
Fighting       | |  1.0
Dodging        | |  2.0
Unarmed Combat | |  3.0
Ice Magic      | |  0.4

Action                   |  1- 3 |  4- 6 |  7- 9 || total
-------------------------+-------+-------+-------++-------
Melee: Unarmed           |    70 |   141 |     1 ||   212
       Constrict         |    18 |    20 |       ||    38
       Kick              |     9 |     6 |       ||    15
       Tentacles         |     9 |    16 |       ||    25
       Punch             |     2 |       |       ||     2
 Cast: Beastly Appendage |    15 |     9 |       ||    24
       Spider Form       |       |    10 |       ||    10
       Sticks to Snakes  |       |     2 |       ||     2
 Abil: End Transformatio |       |     2 |       ||     2
  Use: Potion            |       |     1 |     1 ||     2
 Stab: Sleeping          |     7 |     6 |       ||    13
  Eat: Chunk             |     4 |     9 |       ||    13
Armor: Skin              |     6 |     5 |       ||    11
Dodge: Dodged            |    35 |   121 |     8 ||   164
